 Dungeon Sprint DCSS version 0.20-a0-1122-gb7cbeb9 (webtiles) character file.

70422 potatolord6000 the Slayer (level 13, -4/143 HPs)
             Began as a Minotaur Fighter on May 11, 2017.
             Was an Initiate of Gozag.
             Slain by a deep elf blademaster (9 damage)
             ... in the Dungeon (Sprint III: "The Ten Rune Challenge").
             The game lasted 00:20:47 (2679 turns).

potatolord6000 the Slayer (Minotaur Fighter)        Turns: 2679, Time: 00:20:48

Health: -4/143     AC: 30    Str: 34    XL:     13   Next: 85%
Magic:  12/12      EV: 14    Int:  5    God:    Gozag
Gold:   120        SH: 24    Dex: 19    Spells: 12/12 levels left

rFire    . . .     SeeInvis .   h - +4 broad axe (chop)
rCold    + + +     Gourm    .   c - +0 shield
rNeg     . . .     Faith    .   e - +0 plate armour
rPois    +         Spirit   .   t - +1 hat {MR+}
rElec    +         Reflect  +   (no cloak)
rCorr    +         Harm     .   w - +1 pair of gloves {Dex+3}
MR       +....     NoTele   +   u - +0 pair of boots "Tobbaqo" {rC++}
Stlth    ..........             j - +6 amulet of reflection
Regen    0.8/turn               b - +5 ring of protection
MPRegen  0.2/turn               v - ring "Soutipt" {Ice Str+4 Slay+5}

@: mighty, agile, lethally poisoned (-4 -> -6), resistant, gold aura, flying
(expiring), hasted and slowed
A: retaliatory headbutt, horns 2, sense surroundings 1, regeneration 1,
evolution 1
}: 2/10 runes: serpentine, barnacled
a: Potion Petition, Call Merchant, Bribe Branch, Renounce Religion


You were in the Dungeon.
You worshipped Gozag.
Gozag was aware of your devotion.
You were not hungry.

You visited 1 branch You collected 17027 gold pieces.
You spent 5489 gold pieces at shops.
You paid 11418 gold pieces to Gozag.

Inventory:

Hand Weapons
 h - a +4 broad axe of chopping (weapon)
Armour
 c - a +0 shield (worn)
 e - a +0 plate armour (worn)
 t - a +1 hat of magic resistance (worn)
 u - the +0 pair of boots "Tobbaqo" (worn) {rC++}
   (You acquired it in the Dungeon)

   It greatly protects you from cold.
 w - a +1 pair of gloves of dexterity (worn)
Jewellery
 b - a +5 ring of protection (left hand)
 j - a +6 amulet of reflection (around neck)
 v - the ring "Soutipt" (right hand) {Ice Str+4 Slay+5}
   (You bought it in a shop in the Dungeon)

   [ring of ice]

   It enhances your ice magic.
   It affects your strength (+4).
   It affects your accuracy and damage with ranged weapons and melee attacks
   (+5).
   It makes you vulnerable to fire.
   It protects you from cold.
Scrolls
 a - a scroll of recharging {unknown}
 l - 2 scrolls of identify
 m - 2 scrolls of remove curse
 p - a scroll of torment {unknown}
Potions
 f - 2 potions of haste
 i - 2 potions of magic
 n - 6 potions of curing
 o - a potion of flight
 r - 2 potions of might
 s - a potion of resistance {unknown}
Comestibles
 d - 27 royal jellies
 k - a meat ration
 q - 12 fruits


   Skills:
 + Level 21.4 Fighting
 + Level 21.3 Axes
 + Level 21.3 Armour
 + Level 21.3 Shields


You had 12 spell levels left.
You didn't know any spells.

Dungeon Overview and Level Annotations

Branches:
Dungeon (1/1)

Altars:
Cheibriados
Dithmenos
Elyvilon
Fedhas
Gozag
Hepliaklqana
Kikubaaqudgha
Makhleb
Nemelex Xobeh
Okawaru
Qazlal
Ru
Sif Muna
Trog
Uskayaw
Vehumet
Wu Jian
Xom
Yredelemnul
Zin
The Shining One
Beogh
Jiyva
Lugonu

Shops:
D (!:?=(=*=%(!}[=

Annotations:
D exclusion: orange crystal statue


Innate Abilities, Weirdness & Mutations

You reflexively headbutt those who attack you in melee.
You have a pair of horns on your head.
You passively map a small area around you.
Your natural rate of healing is unusually fast.
You evolve.


Message History

You slash the deep elf death mage!
The deep elf death mage is no longer distracted by gold.
You slice the deep elf mage!!
You are engulfed in a cloud of scalding steam.
You feel sick.
You block the deep elf blademaster's attack.
The deep elf blademaster hits you!
* * * LOW HITPOINT WARNING * * *
Unknown command.
You miss the deep elf blademaster.
Your headbutt misses the deep elf blademaster.
The deep elf blademaster is heavily wounded.
You slash the deep elf death mage! You slice the deep elf mage!!
You kill the deep elf mage!
You are engulfed in a cloud of scalding steam.
The deep elf death mage seems less brilliant.
You block the deep elf blademaster's attack.
The deep elf blademaster hits you!
You die...
Your body crumbles into a pile of gold.

* ###$###################
#.###..'.#...##$...'....$ ,
.......#.#...##≈≈≈≈##..# $
* $ ,
.[∩∩.###.#...≈§≈e$§..... $
.....###[#...##≈@≈≈##..
..∩#...#.')..##$§ee'....$$
$$
######.#################*
######################### ,
≈≈'.#('.(.'.#.#.#.'...≈≈# $
§§#.#.#((.##.#.#.##...≈≈###
§§#.#.#...#.#.#.#.#...≈≈≈≈#
§§#...#...##.#.#.##...≈≈≈≈#
▓▓▓▓▓▓▓▓▓▓#.#.#.#.#.......#
,


You could see a deep elf blademaster, a deep elf death mage and a deep elf high
priest.

Vanquished Creatures
  Rupert (D)
  Polyphemus (D)
  Gastronok (D)
  Harold (D)
  Ilsuiw (D)
  A nagaraja (D)
  A deep elf demonologist (D)
  A deep elf annihilator (D)
  2 dire elephants (D)
  2 hydras (D)
  A naga warrior (D)
  6 anacondas (D)
  A centaur warrior (D)
  Erica (D)
  4 death yaks (D)
  3 deep elf knights (D)
  Urug (D)
  A sea snake (D)
  A spriggan druid (D)
  A death drake (D)
  2 unseen horrors (D)
  Joseph (D)
  A lindwurm (D)
  5 deep elf magi (D)
  2 elephants (D)
  4 black mambas (D)
  A guardian serpent (D)
  2 spiny frogs (D)
  A rime drake (D)
  A komodo dragon (D)
  A queen bee (D)
  2 orc high priests (D)
  2 tyrant leeches (D)
  3 dream sheep (D)
  8 blink frogs (D)
  3 redbacks (D)
  2 spriggans (D)
  A shadow (D)
  A spatial vortex (D)
  2 nagas (D)
  2 hydra simulacra (D)
  2 orc warriors (D)
  A swamp drake (D)
  A necrophage (D)
  2 centaurs (D)
  An earth elemental (D)
  3 wandering mushrooms (D)
  A water elemental (D)
  32 killer bees (D)
  An electric eel (D)
  4 orc priests (D)
  A wizard (D)
  A jelly (D)
  Jessica (D)
  3 orc wizards (D)
  A necromancer (D)
  2 wolf simulacra (D)
  A kobold demonologist (D)
  3 humans (D)
  10 adders (D)
  2 oozes (D)
  A phantom (D)
  10 orcs (D)
  A bat (D)
  A rat (D)
  9 plants (D)
174 creatures vanquished.

Vanquished Creatures (others)
  2 draconian scorchers (D)
  A merfolk javelineer (D)
  6 hellions (D)
  2 yaktaurs (D)
  A plant (D)
12 creatures vanquished.

Grand Total: 186 creatures vanquished

Notes
Turn   | Place    | Note
-------+----------+-------------------------------------------
     0 | D        | potatolord6000 the Minotaur Fighter began the quest for the Orb.
     0 | D        | Reached XP level 1. HP: 19/19 MP: 0/0
    13 | D        | Reached XP level 2. HP: 28/28 MP: 1/1
    50 | D        | Noticed Jessica
    58 | D        | Killed Jessica
    58 | D        | Reached skill level 5 in Fighting
    58 | D        | Reached skill level 5 in Armour
    58 | D        | Reached skill level 5 in Shields
    58 | D        | Reached XP level 3. HP: 32/36 MP: 2/2
    72 | D        | Killed a hellion
    83 | D        | Reached skill level 5 in Axes
    91 | D        | Killed a hellion
    95 | D        | Killed a hellion
    97 | D        | Killed a hellion
   106 | D        | Killed a hellion
   178 | D        | Killed a yaktaur
   188 | D        | Killed a white draconian scorcher
   188 | D        | Killed a white draconian scorcher
   196 | D        | Killed a hellion
   276 | D        | Gained mutation: Your natural rate of healing is unusually fast. [potion of mutation]
   276 | D        | Gained mutation: You evolve. [potion of mutation]
   276 | D        | Gained mutation: You passively map a small area around you. [potion of mutation]
   285 | D        | Noticed a water elemental
   290 | D        | Killed a water elemental
   290 | D        | Reached XP level 4. HP: 25/45 MP: 3/3
   327 | D        | Found a glowing silver altar of Zin.
   327 | D        | Found a glowing golden altar of the Shining One.
   327 | D        | Found a white marble altar of Elyvilon.
   328 | D        | Noticed a deep elf mage
   332 | D        | Killed a deep elf mage
   332 | D        | Reached XP level 5. HP: 55/58 MP: 4/4
   332 | D        | Reached XP level 6. HP: 62/66 MP: 5/5
   345 | D        | Found a radiant altar of Vehumet.
   345 | D        | Found a deep blue altar of Sif Muna.
   345 | D        | Found an ancient bone altar of Kikubaaqudgha.
   353 | D        | Reached XP level 7. HP: 57/71 MP: 6/6
   376 | D        | Killed a yaktaur
   378 | D        | Found an ornate altar of the Wu Jian Council.
   378 | D        | Found a roughly hewn altar of Beogh.
   378 | D        | Found an iron altar of Okawaru.
   378 | D        | Found a bloodstained altar of Trog.
   378 | D        | Found a hide-covered altar of Uskayaw.
   378 | D        | Noticed a human
   379 | D        | Noticed a human
   393 | D        | Killed a human
   393 | D        | Reached skill level 10 in Fighting
   393 | D        | Reached skill level 10 in Armour
   393 | D        | Reached skill level 10 in Shields
   399 | D        | Killed a human
   399 | D        | Reached skill level 10 in Axes
   408 | D        | Found a basalt altar of Yredelemnul.
   408 | D        | Found a shadowy altar of Dithmenos.
   408 | D        | Found a sacrificial altar of Ru.
   424 | D        | Noticed a shadow
   428 | D        | Killed a shadow
   428 | D        | Reached XP level 8. HP: 57/82 MP: 7/7
   437 | D        | Found a blossoming altar of Fedhas.
   437 | D        | Found a stormy altar of Qazlal.
   437 | D        | Found a snail-covered altar of Cheibriados.
   437 | D        | Found a burning altar of Makhleb.
   437 | D        | Found a shimmering altar of Xom.
   438 | D        | Found a hazy altar of Hepliaklqana.
   438 | D        | Found an opulent altar of Gozag.
   438 | D        | Found a sparkling altar of Nemelex Xobeh.
   438 | D        | Found a corrupted altar of Lugonu.
   438 | D        | Found a viscous altar of Jiyva.
   449 | D        | Became a worshipper of Gozag Ym Sagoz the Greedy
   484 | D        | Noticed Erica
   492 | D        | Killed Erica
   513 | D        | Reached XP level 9. HP: 53/91 MP: 8/8
   528 | D        | Found Ritta's Food Boutique.
   651 | D        | Bought a +5 ring of protection for 605 gold pieces
   656 | D        | Bought a +4 broad axe of chopping for 448 gold pieces
   663 | D        | Noticed a deep elf knight
   663 | D        | Noticed a deep elf knight
   663 | D        | Noticed a deep elf mage
   663 | D        | Noticed a deep elf knight
   663 | D        | Noticed a deep elf mage
   674 | D        | Noticed a demonic crawler
   674 | D        | Noticed a jumping spider
   675 | D        | Killed a deep elf knight
   681 | D        | Killed a deep elf knight
   689 | D        | Killed a deep elf knight
   689 | D        | Reached XP level 10. HP: 89/103 MP: 9/9
   691 | D        | Killed a deep elf mage
   698 | D        | Killed a deep elf mage
   702 | D        | Noticed a deep elf annihilator
   772 | D        | Noticed a centaur warrior
   778 | D        | Killed a centaur warrior
   818 | D        | Killed an unseen horror
   818 | D        | Reached skill level 15 in Fighting
   818 | D        | Reached skill level 15 in Armour
   830 | D        | Killed an unseen horror
   830 | D        | Reached skill level 15 in Axes
   830 | D        | Reached skill level 15 in Shields
   908 | D        | Reached XP level 11. HP: 71/114 MP: 10/10
  1002 | D        | Bought the ring of Luuboqox {rElec rC+ Str+6 Int+7} for 928 gold pieces
  1002 | D        | Bought a +6 amulet of reflection for 819 gold pieces
  1021 | D        | Noticed Harold
  1021 | D        | Noticed Joseph
  1028 | D        | Killed Harold
  1035 | D        | Killed Joseph
  1049 | D        | Noticed a yaktaur captain
  1126 | D        | Noticed an orange crystal statue
  1153 | D        | Noticed a yaktaur captain
  1295 | D        | Noticed Rupert
  1309 | D        | Killed Rupert
  1309 | D        | Reached XP level 12. HP: 125/127 MP: 11/11
  1317 | D        | Noticed an azure jelly
  1317 | D        | Noticed an azure jelly
  1317 | D        | Noticed an azure jelly
  1317 | D        | Noticed an azure jelly
  1335 | D        | Noticed a dire elephant
  1335 | D        | Noticed a dire elephant
  1335 | D        | Noticed Gastronok
  1342 | D        | Killed a dire elephant
  1345 | D        | Killed Gastronok
  1348 | D        | Killed a dire elephant
  1387 | D        | Noticed a death yak
  1389 | D        | Noticed a death yak
  1390 | D        | Noticed a death yak
  1390 | D        | Noticed a death yak
  1395 | D        | Killed a death yak
  1402 | D        | Killed a death yak
  1407 | D        | Killed a death yak
  1411 | D        | Killed a death yak
  1460 | D        | Noticed an anaconda
  1460 | D        | Noticed an anaconda
  1463 | D        | Killed an anaconda
  1471 | D        | Killed an anaconda
  1495 | D        | Bought a scroll of acquirement for 936 gold pieces
  1498 | D        | Got a pair of distressingly furry boots
  1501 | D        | Identified the +0 pair of boots "Tobbaqo" {rC++} (You acquired it in the Dungeon)
  1516 | D        | Noticed an anaconda
  1524 | D        | Killed an anaconda
  1551 | D        | Noticed an anaconda
  1551 | D        | Noticed an anaconda
  1562 | D        | Killed an anaconda
  1564 | D        | Killed an anaconda
  1564 | D        | Reached XP level 13. HP: 65/139 MP: 12/12
  1668 | D        | Noticed a nagaraja
  1670 | D        | Found Sur Inn's Antique Weapon Boutique.
  1670 | D        | Found Tail's Distillery.
  1672 | D        | Found Boninnir's Book Shop.
  1679 | D        | Killed a nagaraja
  1728 | D        | Bought a potion of haste for 100 gold pieces
  1728 | D        | Bought a potion of heal wounds for 50 gold pieces
  1728 | D        | Bought a potion of curing for 30 gold pieces
  1728 | D        | Bought a potion of might for 40 gold pieces
  1728 | D        | Bought a potion of curing for 30 gold pieces
  1728 | D        | Bought a potion of curing for 30 gold pieces
  1747 | D        | Got a serpentine rune of Zot
  1752 | D        | Bought the ring "Soutipt" {Ice Str+4 Slay+5} for 1043 gold pieces
  2015 | D        | Noticed Urug
  2023 | D        | Killed Urug
  2298 | D        | Found a blossoming altar of Fedhas.
  2311 | D        | Paralysed by a spriggan for 5 turns
  2348 | D        | Noticed Polyphemus
  2370 | D        | Killed Polyphemus
  2376 | D        | Noticed Ilsuiw
  2377 | D        | Found Cilae's Distillery.
  2385 | D        | Found Onugoff's Gadget Shop.
  2394 | D        | Killed Ilsuiw
  2406 | D        | Found Tiwacepp's Antique Armour Shoppe.
  2407 | D        | Noticed a merfolk javelineer
  2410 | D        | Killed a merfolk javelineer
  2434 | D        | Bought a potion of curing for 36 gold pieces
  2434 | D        | Bought a potion of haste for 120 gold pieces
  2434 | D        | Bought a potion of curing for 36 gold pieces
  2434 | D        | Bought a potion of curing for 36 gold pieces
  2436 | D        | Bought a pair of embroidered gloves for 202 gold pieces
  2453 | D        | Got a barnacled rune of Zot
  2653 | D        | Noticed a deep elf demonologist
  2653 | D        | Noticed a deep elf death mage
  2655 | D        | Noticed a deep elf blademaster
  2659 | D        | Noticed a green death
  2665 | D        | Killed a deep elf annihilator
  2670 | D        | Killed a deep elf demonologist
  2676 | D        | Noticed a Brimstone Fiend
  2676 | D        | Killed a ghostly deep elf demonologist
  2678 | D        | HP: 4/143 [deep elf blademaster (10)]
  2679 | D        | Slain by a deep elf blademaster

Vault maps used:
D:        dungeon_sprint_mu

Skill      XL: |  1  2  3  4  5  6  7  8  9 10 11 12 13 |
---------------+----------------------------------------+-----
Fighting       | 4 5 6 9 11 12 14 15 17 19 21 | 21.4
Axes           | 3 4 6 9 10 12 13 15 17 19 21 | 21.3
Armour         | 4 5 6 9 11 12 13 15 17 19 21 | 21.3
Shields        | 4 5 6 9 11 12 13 15 17 19 21 | 21.3

Action                   |  1- 3 |  4- 6 |  7- 9 | 10-12 | 13-15 || total
-------------------------+-------+-------+-------+-------+-------++-------
Melee: War axe           |    30 |    11 |    73 |       |       ||   114
       Headbutt          |     8 |     1 |    17 |    66 |    24 ||   116
       Broad axe         |       |       |    21 |   290 |   122 ||   433
Invok: Potion Petition   |       |       |     2 |     1 |     2 ||     5
       Call Merchant     |       |       |     2 |     2 |     4 ||     8
  Use: Potion            |     2 |       |     3 |       |     8 ||    13
       Scroll            |       |       |       |     4 |     2 ||     6
 Stab: Distracted        |       |       |     1 |     4 |       ||     5
  Eat: Bread ration      |     1 |       |       |       |       ||     1
       Meat ration       |       |       |     1 |       |       ||     1
       Royal jelly       |       |       |       |     1 |       ||     1
Armor: Scale mail        |    10 |     3 |     9 |       |       ||    22
       Plate armour      |       |       |       |    89 |    73 ||   162
Dodge: Dodged            |     8 |       |    17 |    49 |    29 ||   103
Block: Shield            |    13 |     4 |    29 |   197 |   102 ||   345
       Reflection        |       |       |       |     1 |     8 ||     9
